 Dungeon Crawl Stone Soup version 0.22-a0-565-gfc6459a (webtiles) character file.

55641 jamsan the Destroyer (level 14, -4/80 HPs)
             Began as a Gargoyle Wizard on June 26, 2018.
             Was a High Priest of Vehumet.
             Slain by Donald
             ... wielding a +1 long sword of slicing
              (31 damage)
             ... on level 1 of the Orcish Mines on June 28, 2018.
             The game lasted 04:28:40 (42815 turns).

jamsan the Destroyer (Gargoyle Wizard)             Turns: 42815, Time: 04:28:41

Health: -4/80      AC: 25    Str: 18    XL:     14   Next: 78%
Magic:  3/27       EV: 14    Int: 33    God:    Vehumet [*****.]
Gold:   1634       SH:  0    Dex:  8    Spells: 1/31 levels left

rFire    + . .     SeeInvis .   E - +0 lajatang
rCold    . . .     Gourm    .   (shield currently unavailable)
rNeg     + . .     Faith    .   O - +2 ring mail {rC+}
rPois    ∞         Spirit   .   I - +1 helmet of Seduxade {rF+ rC- rCorr Int+5}
rElec    +         Reflect  .   B - +1 cloak
rCorr    +         Harm     .   (no gloves)
MR       +....                  j - +1 pair of boots
Stlth    +.........             (no amulet)
HPRegen  0.23/turn              n - +5 ring of intelligence
MPRegen  0.20/turn              A - +6 ring of strength

@: hasted, very quick
A: big wings, negative energy resistance 1, electricity resistance, unbreathing,
petrification resistance, rot immunity, AC +10
a: Fly, Renounce Religion


You were on level 1 of the Orcish Mines.
You worshipped Vehumet.
Vehumet was extremely pleased with you.
You were not hungry.

You visited 4 branches of the dungeon, and saw 22 of its levels.
You also visited: Ossuary and Bailey.

You collected 1634 gold pieces.

Inventory:

Hand Weapons
 i - a +0 quarterstaff
 m - a +0 mace
 p - a +4 short sword
 E - a +0 lajatang (weapon)
Armour
 j - a +1 pair of boots (worn)
 t - a +2 leather armour of positive energy
 B - a +1 cloak (worn)
 G - a +1 plate armour of fire resistance
 I - the +1 helmet of Seduxade (worn) {rF+ rC- rCorr Int+5}
   (You found it in a bailey)

   It affects your intelligence (+5).
   It protects you from fire.
   It makes you vulnerable to cold.
   It protects you from acid and corrosion.
 O - a +2 ring mail of cold resistance (worn)
Magical Staves
 C - an uncursed staff of summoning
Jewellery
 n - a +5 ring of intelligence (left hand)
 A - a +6 ring of strength (right hand)
Wands
 s - a wand of paralysis (10)
 v - a wand of random effects (28)
 z - a wand of polymorph (21)
 K - a wand of digging (9)
Scrolls
 c - 2 scrolls of identify
 g - 5 scrolls of amnesia
 k - a scroll of silence
 l - 12 scrolls of remove curse
 u - 2 scrolls of immolation
 x - a scroll of fog
 y - 2 scrolls of magic mapping
 M - a scroll of torment
Potions
 a - 4 potions of curing
 f - 4 potions of agility
 h - 4 potions of flight
 o - 7 potions of might
 q - 3 potions of cancellation
 r - a potion of berserk rage
 D - a potion of lignification
 F - 3 potions of brilliance
 H - 2 potions of ambrosia
 Q - a potion of resistance
Miscellaneous
 b - a lightning rod (3/4)
Comestibles
 d - 17 rations


   Skills:
 - Level 6.0 Fighting
 + Level 8.4 Staves
 - Level 6.0 Armour
 + Level 8.1 Dodging
 - Level 2.6 Stealth
 + Level 9.1 Spellcasting
 + Level 10.9 Conjurations
   Level 0.8 Summonings
 - Level 2.0 Translocations
 * Level 9.3 Fire Magic
 * Level 7.9 Air Magic
 + Level 8.4 Evocations


You had one spell level left.
You knew the following spells:

 Your Spells              Type           Power        Failure   Level  Hunger
a - Magic Dart            Conj           ####         1%          1    None
b - Conjure Flame         Conj/Fire      ######..     1%          3    None
c - Mephitic Cloud        Conj/Pois/Air  ######..     1%          3    None
d - Blink                 Tloc           N/A          3%          2    None
e - Searing Ray           Conj           ######       1%          2    None
f - Sticky Flame          Conj/Fire      ######..     1%          4    None
g - Fireball              Conj/Fire      ######....   1%          5    ###....
h - Airstrike             Air            ######....   1%          4    None
i - Bolt of Fire          Conj/Fire      ######....   3%          6    #####..

Your spell library contained the following spells:

 Spells                   Type           Power        Failure   Level  Hunger
 Slow                     Hex            ###.....     8%          2    None
 Confuse                  Hex            ###.....     16%         3    None
 Freezing Cloud           Conj/Ice/Air   ######....   16%         6    #####..
 Ring of Flames           Chrm/Fire      #####.....   100%        7    ######.
 Venom Bolt               Conj/Pois      ######....   4%          5    ###....
 Olgreb's Toxic Radiance  Pois           ###.....     13%         4    None
 Iskenderun's Mystic Bla  Conj           ######..     1%          4    None
 Call Imp                 Summ           ###.....     5%          2    None
 Sting                    Conj/Pois      ####         1%          1    None
 Confusing Touch          Hex            ###...       5%          1    None
 Ignite Poison            Fire/Tmut/Pois #####...     1%          3    None
 Metabolic Englaciation   Hex/Ice        ###.......   82%         5    ###....
 Petrify                  Tmut/Erth      ###.....     45%         4    None
 Fulminant Prism          Conj/Hex       ######....   1%          4    None
 Dazzling Spray           Conj/Hex       ######       1%          3    None
 Force Lance              Conj/Tloc      ######..     1%          4    None
 Gell's Gravitas          Tloc           ####......   7%          3    None
 Yara's Violent Unravell  Hex/Tmut       ###.......   34%         5    ###....
 Poisonous Vapours        Pois/Air       #####.       1%          2    None
 Ignition                 Fire           ######....   85%         8    #######


Dungeon Overview and Level Annotations

Branches:
Dungeon (13/15)            Temple (1/1) D:7            Lair (6/6) D:8
  Swamp (0/4) Lair:4        Snake (0/4) Lair:2        Slime (0/5) Lair:6
    Orc (2/2) D:10         Vaults (0/5) D:13
    Elf: Orc:2

Altars:
Cheibriados
Elyvilon
Okawaru
Uskayaw
Vehumet
The Shining One
Beogh

Shops:
D:5 =   D:7 ?*}   D:9 %

Annotations:
D:5 Prince Ribbit
D:8 3 runed doors, ThisFiasco's ghost, novice GrEE; iamserjio's ghost, novice GrFi; kae's ghost, novice DsTm; vierth's ghost, novice MiFi
D:9 exclusion: upstairs
D:12 2 transporters, exclusion: downstairs, Soeti's ghost, journeyman TrMo
D:13 Urug
Lair:5 3 runed doors, Nirios's ghost, journeyman MiFi
Orc:1 Donald


Innate Abilities, Weirdness & Mutations

You are resistant to torment.
Your stone body is resilient. (AC +10)
You are immune to poison.
Your large and strong wings let you fly indefinitely.
You resist negative energy. (rN+)
You are resistant to electric shocks. (rElec)
You can survive without breathing.
You are immune to petrification.
You are immune to rotting.


Message History

Okay, then.
Evoke which item? (* to show all) (? for menu, Esc to quit)
Aiming: Thunderbolt
Press: ? - help, Shift-Dir - straight line The thunderbolt hits something.
Something hits you!
Evoke which item? (* to show all) (? for menu, Esc to quit)
Aiming: Paralyse
Press: ? - help, Shift-Dir - straight line Nothing appears to happen.
Something hits you.
As you read the scroll of fog, it crumbles to dust.
The scroll dissolves into smoke.
Something hits you!
Casting: Magic Dart (safe; 1% risk of failure)
Confirm with . or Enter, or press ? or * to list all spells.
You blink.
Casting: Blink (safe; 3% risk of failure)
Confirm with . or Enter, or press ? or * to list all spells.
You blink.
You feel yourself speed up. Something hits you!!
You die...

#.........))#.......#.##
##...........##.........
##............#....#.##
##...............######
##....[........#...#
#.§...........##...#
##§.§.§.......###.##
#§§§§§......## ###
#§§§§§@....###
##§§§§....##..##
#§§§§...#......#
##§§§.........##
#§§§.........##
##..#.......##
#............##
##............##
#........#....#


There were no monsters in sight!

Vanquished Creatures
  Gastronok (D:8)
  4 hydras
  Erica (D:11)
  5 two-headed ogres
  A death yak (Lair:6)
  A fire crab (Lair:5)
  Sonja (Lair:3)
  An unseen horror (D:10)
  2 orc knights
  Pikel (D:6)
  An oklob plant (Lair:6)
  2 ugly things (D:12)
  An orc sorcerer (Orc:1)
  The ghost of Soeti the Shield-Bearer, a novice OpFi of Uskayaw (D:6)
  2 moths of wrath (Lair:6)
  2 deep elf magi
  Joseph (D:9)
  2 centaur zombies
  Maurice (D:8)
  3 black mambas
  2 torpor snails
  7 spiny frogs
  A centaur skeleton (D:10)
  A kobold demonologist (D:12)
  3 rime drakes
  4 komodo dragons
  5 polar bears
  4 hornets
  A queen bee (D:8)
  12 tyrant leeches
  4 trolls
  9 hippogriffs
  A raiju (shapeshifter) (D:12)
  11 dream sheep
  2 nagas (Lair:2)
  An air elemental (D:10)
  10 spriggans (Lair:6)
  A wyvern (Lair:3)
  A basilisk (Lair:6)
  41 yaks
  3 wraiths
  A fire elemental (D:10)
  4 vampire mosquitoes (Lair:4)
  A warg (Orc:2)
  3 swamp worms (Lair:6)
  10 water moccasins
  An acid dragon (D:12)
  8 orc warriors
  11 porcupines
  4 ice beasts
  4 sky beasts
  A slave (D:6)
  5 black bears
  A phantom (D:12)
  27 wolves
  4 boggarts (Lair:6)
  9 ogres
  4 centaurs
  18 crocodiles
  4 big kobolds
  12 bullfrogs
  A wyvern zombie (D:10)
  An earth elemental (D:10)
  4 scorpions
  A water moccasin skeleton (D:5)
  A wyvern skeleton (D:9)
  5 wights
  19 killer bees
  2 electric eels
  4 howler monkeys
  3 bullfrog zombies
  5 crimson imps
  A quasit (D:10)
  4 jellies
  3 hounds
  9 orc priests
  9 orc wizards
  A bullfrog skeleton (D:8)
  9 iguanas
  3 hell rats
  11 worker ants
  A killer bee zombie (Ossuary)
  A hound zombie (D:5)
  2 hound skeletons
  4 mummies
  A howler monkey zombie (D:5)
  3 worker ant zombies
  2 river rats (Lair:1)
  20 adders
  A howler monkey skeleton (D:8)
  3 shadow imps
  An ooze (D:4)
  3 worms
  4 dart slugs
  6 leopard geckos
  41 orcs
  2 ball pythons
  4 giant cockroaches
  7 goblins
  12 hobgoblins
  9 jackals
  5 quokkas
  5 bats
  5 frilled lizards
  2 jackal zombies (Ossuary)
  15 kobolds
  A leopard gecko zombie (D:9)
  A quokka skeleton (D:6)
  9 rats
  A fungus (Lair:5)
  A plant (Lair:6)
558 creatures vanquished.

Vanquished Creatures (collateral kills)
  Erolcha (D:9)
  A two-headed ogre (D:10)
  A torpor snail (Lair:6)
  A dream sheep (Lair:4)
  A naga (Lair:2)
  A boggart (Lair:6)
  A bullfrog (D:8)
7 creatures vanquished.

Vanquished Creatures (others)
  A dream sheep (Lair:6)
  A water elemental (D:10)
  A killer bee (D:9)
  A centaur skeleton (D:10)
  A bush (Lair:5)
  20 fungi
  12 plants
  5 withered plants
42 creatures vanquished.

Grand Total: 607 creatures vanquished

Notes
Turn   | Place    | Note
-------+----------+-------------------------------------------
     0 | D:1      | jamsan the Gargoyle Wizard began the quest for the Orb.
     0 | D:1      | Reached XP level 1. HP: 10/10 MP: 4/4
   712 | D:1      | Reached XP level 2. HP: 9/15 MP: 0/6
   716 | D:1      | Learned a level 2 spell: Blink
  1729 | D:2      | Reached skill level 2 in Conjurations
  1729 | D:2      | Reached XP level 3. HP: 19/19 MP: 2/7
  2117 | D:2      | Reached skill level 3 in Conjurations
  2564 | D:3      | Reached XP level 4. HP: 24/24 MP: 5/8
  3026 | D:3      | Reached skill level 4 in Conjurations
  3085 | D:3      | Learned a level 3 spell: Mephitic Cloud
  3092 | D:3      | Learned a level 3 spell: Conjure Flame
  3304 | D:3      | Found a white marble altar of Elyvilon.
  3371 | D:3      | Reached XP level 5. HP: 22/28 MP: 0/9
  3737 | D:3      | Reached skill level 1 in Fire Magic
  3825 | D:3      | Found a radiant altar of Vehumet.
  3837 | D:3      | Became a worshipper of Vehumet
  4168 | D:4      | Reached skill level 1 in Armour
  4168 | D:4      | Reached skill level 1 in Air Magic
  4168 | D:4      | Reached XP level 6. HP: 24/33 MP: 2/11
  4344 | D:4      | Reached skill level 1 in Fighting
  4616 | D:4      | Reached skill level 1 in Evocations
  5112 | D:4      | Reached XP level 7. HP: 38/38 MP: 7/12
  5159 | D:5      | Entered Level 5 of the Dungeon
  5296 | D:5      | Found a sand-covered staircase.
  5313 | Ossuary  | Entered an ossuary
  5355 | Ossuary  | Reached skill level 5 in Conjurations
  5400 | Ossuary  | Reached * piety under Vehumet
  5400 | Ossuary  | Offered knowledge of Sandblast by Vehumet.
  5424 | Ossuary  | HP: 1/39 [mummy (3)]
  5804 | D:5      | Found Uheemy's Jewellery Shoppe.
  6315 | D:4      | Reached XP level 8. HP: 44/45 MP: 7/14
  6488 | D:5      | Noticed Prince Ribbit
  6962 | D:6      | Found a hide-covered altar of Uskayaw.
  7775 | D:6      | Found a runed door.
  7779 | D:6      | Noticed Soeti's ghost (novice OpFi)
  8083 | D:6      | Found a snail-covered altar of Cheibriados.
  8295 | D:6      | Learned a level 2 spell: Searing Ray
  8421 | D:6      | Noticed Pikel
  8460 | D:6      | Killed Pikel
  8460 | D:6      | Reached skill level 6 in Conjurations
  8460 | D:6      | Reached XP level 9. HP: 52/52 MP: 1/16
  8792 | D:7      | Found Gufad's Gadget Emporium.
  8808 | D:7      | Found Iryopt's Assorted Antiques.
  8982 | D:7      | Found a staircase to the Ecumenical Temple.
  9254 | D:7      | Reached skill level 5 in Spellcasting
  9557 | D:7      | Reached ** piety under Vehumet
  9557 | D:7      | Offered knowledge of Throw Flame by Vehumet.
  9570 | D:7      | Found Nutyteun's Magic Scroll Shop.
  9931 | D:8      | Noticed a two-headed ogre
  9958 | D:8      | Killed a two-headed ogre
  9958 | D:8      | Reached skill level 1 in Staves
  9958 | D:8      | Reached XP level 10. HP: 58/58 MP: 4/18
 10046 | D:8      | Noticed Maurice
 10076 | D:8      | Found a flagged portal.
 10173 | Bailey   | Entered a bailey
 10540 | Bailey   | Noticed an orc knight
 11357 | Bailey   | Killed an orc knight
 11357 | Bailey   | Reached skill level 5 in Armour
 11357 | Bailey   | Reached skill level 7 in Conjurations
 11390 | Bailey   | Got a heavily runed helmet
 11401 | Bailey   | Identified the +1 helmet of Seduxade {rF+ rC- rCorr Int+5} (You found it in a bailey)
 11768 | D:8      | Reached skill level 5 in Fighting
 12007 | D:8      | Offered knowledge of Stone Arrow by Vehumet.
 12986 | D:9      | Found Jierunud's Food Shoppe.
 12986 | D:9      | Noticed Erolcha
 13177 | D:9      | Reached skill level 5 in Fire Magic
 13273 | D:9      | Reached *** piety under Vehumet
 13294 | D:9      | Noticed Joseph
 13444 | D:8      | Found a runed gate.
 13444 | D:8      | Found a runed gate.
 13445 | D:8      | Noticed vierth's ghost (novice MiFi)
 13445 | D:8      | Noticed kae's ghost (novice DsTm)
 13445 | D:8      | Noticed iamserjio's ghost (novice GrFi)
 13446 | D:8      | Found a runed gate.
 13527 | D:8      | Noticed ThisFiasco's ghost (novice GrEE)
 13755 | D:9      | Noticed a two-headed ogre
 13863 | D:9      | Paralysed by Joseph for 6 turns
 14228 | D:6      | Killed Soeti's ghost
 14228 | D:6      | Reached XP level 11. HP: 29/64 MP: 4/19
 14447 | Temple   | Entered the Ecumenical Temple
 14540 | D:9      | Paralysed by Joseph for 5 turns
 14544 | D:9      | Killed Erolcha
 14549 | D:9      | Paralysed by Joseph for 3 turns
 15332 | D:9      | Paralysed by Joseph for 5 turns
 15343 | D:9      | Killed Joseph
 15474 | D:9      | Reached skill level 5 in Dodging
 15775 | D:8      | Killed Maurice
 15841 | D:8      | Offered knowledge of Throw Icicle by Vehumet.
 16143 | D:9      | Noticed a two-headed ogre
 16392 | D:10     | Entered Level 10 of the Dungeon
 16503 | D:9      | Found an iron altar of Okawaru.
 16635 | D:9      | Killed a two-headed ogre
 16635 | D:9      | Reached skill level 5 in Evocations
 16795 | D:9      | Reached skill level 5 in Air Magic
 16796 | D:9      | Reached skill level 8 in Conjurations
 17380 | D:9      | Noticed a two-headed ogre
 17429 | D:9      | Killed a two-headed ogre
 17485 | D:9      | Found a roughly hewn altar of Beogh.
 17794 | D:10     | Reached **** piety under Vehumet
 17985 | D:10     | Noticed a two-headed ogre
 17990 | D:10     | Killed a two-headed ogre
 18021 | D:10     | Found a large runed door.
 18028 | D:10     | Found a large runed door.
 18171 | D:10     | HP: 2/64 [air elemental (3)]
 18715 | D:10     | Found a staircase to the Orcish Mines.
 19006 | D:10     | Killed an unseen horror
 19006 | D:10     | Reached XP level 12. HP: 58/70 MP: 12/22
 19682 | D:11     | Noticed a two-headed ogre
 19846 | D:11     | Reached skill level 5 in Staves
 19903 | D:11     | Noticed Erica
 20110 | D:10     | Killed a two-headed ogre
 21013 | D:10     | Offered knowledge of Sticky Flame by Vehumet.
 21024 | D:10     | Learned a level 4 spell: Sticky Flame
 21614 | D:11     | Learned a level 5 spell: Fireball
 22147 | D:8      | Killed a two-headed ogre
 22356 | D:8      | Found a staircase to the Lair.
 23114 | Lair:1   | Entered Level 1 of the Lair of Beasts
 23930 | Lair:1   | Reached skill level 9 in Conjurations
 24157 | Lair:1   | Noticed Gastronok
 24670 | D:8      | Killed Gastronok
 24982 | Lair:1   | Noticed a seven-headed hydra
 24996 | Lair:1   | Killed a seven-headed hydra
 25913 | Lair:2   | Found a staircase to the Snake Pit.
 26055 | Lair:2   | Reached ***** piety under Vehumet
 26079 | Lair:2   | Offered knowledge of Airstrike by Vehumet.
 26083 | Lair:2   | Reached XP level 13. HP: 65/74 MP: 3/24
 26128 | Lair:2   | Learned a level 4 spell: Airstrike
 28334 | Lair:3   | Noticed Sonja
 28335 | Lair:3   | Killed Sonja
 30394 | Lair:4   | Found a staircase to the Swamp.
 30623 | Lair:4   | Reached skill level 10 in Conjurations
 31018 | Lair:5   | Found a runed gate.
 31018 | Lair:5   | Found a runed gate.
 31018 | Lair:5   | Found a runed gate.
 31234 | Lair:5   | Noticed Nirios's ghost (journeyman MiFi)
 32424 | Lair:5   | Found a glowing golden altar of the Shining One.
 32612 | Lair:5   | Offered knowledge of Bolt of Draining by Vehumet.
 34081 | Lair:6   | Entered Level 6 of the Lair of Beasts
 34111 | Lair:6   | Gained mutation: Your large and strong wings let you fly indefinitely. [Gargoyle growth]
 34111 | Lair:6   | Reached XP level 14. HP: 80/80 MP: 3/26
 38612 | Lair:6   | Reached skill level 1 in Translocations
 38719 | Lair:6   | Learned a level 6 spell: Bolt of Fire
 38719 | Lair:6   | Upgraded the game from 0.22-a0-558-gc224181 to 0.22-a0-565-gfc6459a
 40012 | Lair:6   | Found a staircase to the Slime Pits.
 40408 | D:11     | Killed Erica
 41129 | D:12     | Found a transporter.
 41130 | D:12     | Found a transporter.
 41130 | D:12     | Noticed Soeti's ghost (journeyman TrMo)
 41666 | D:12     | Offered knowledge of Orb of Destruction by Vehumet.
 42003 | D:13     | Found a gate to the Vaults.
 42003 | D:13     | Noticed Urug
 42088 | Orc:1    | Entered Level 1 of the Orcish Mines
 42764 | Orc:2    | Entered Level 2 of the Orcish Mines
 42789 | Orc:2    | Noticed Donald
 42793 | Orc:2    | Paralysed by an orc sorcerer for 5 turns
 42815 | Orc:1    | Slain by Donald

Vault maps used:
D:1:      minmay_arrival_up_and_down
D:2:      cheibrodos_old_hovel, amethyst_killhole, palyth_stone_intersect
D:3:      marbit_many_paths, vehumet_crystals, kennysheep_generic_room_11
D:4:      first_ration, minmay_close_crescents
D:5:      serial_shops, shop, enter_ossuary_3, uniq_prince_ribbit1
D:6:      eat_drink_and_be_merry_uskayaw, cheibrodos_worm_habitat,
          gammafunk_ghost_grave, uniq_pikel
D:7:      minmay_temple_entry_trees, serial_shops, shop_statue, shop,
          nicolae_shop_crystal
D:8:      grunt_lair_entry_orc_guard_hut, enter_bailey_2,
          gammafunk_ghost_cemetery, david_nohive_1, grunt_decor_fettered,
          uniq_maurice
D:9:      basic_altar, serial_shops, shop, david_defended_altar_orc,
          uniq_joseph, uniq_erolcha
D:10:     orc_0_dummy, lightli_elemental_guards
D:11:     minmay_librarian, uniq_erica
D:12:     gammafunk_ghost_mausoleum
D:13:     david_vaults_3, gammafunk_ghost_cemetery,
          nicolae_ru_sacrificial_ziggurat
Temple:   dpeg_five_rooms_temple
Lair:1:   kennysheep_abandoned_house, lemuel_fruit_tree, grunt_megastairs_1,
          infiniplex_staircase_pool, uniq_gastronok
Lair:2:   guppyfry_snake_entry_island, beast_lair_carwin_2
Lair:3:   minmay_stone_trees_small, st_stairs_5, minivault_19, uniq_sonja
Lair:4:   minmay_swamp_entry_swarm, lemuel_old_faithful
Lair:5:   ebering_ghost_rock_garden, basic_altar
Lair:6:   minmay_lair_end_enchanted_forest, dpeg_slime_entry_corner,
          worms_lemuel
Orc:2:    pf_orc_diabolical, guppyfry_orc_lava_fort, uniq_donald,
          uniq_saint_roka
Ossuary:  ossuary_zaba_flooded
Bailey:   bailey_polearm_1, bailey

Skill      XL: |  1  2  3  4  5  6  7  8  9 10 11 12 13 14 |
---------------+-------------------------------------------+-----
Conjurations   | 2 3 4 5 6 7 8 9 10 | 10.9
Fire Magic     | 1 2 3 4 5 6 7 8 9 |  9.3
Dodging        | 2 3 4 5 6 7 8 |  8.1
Armour         | 1 2 3 4 5 6 |  6.0
Air Magic      | 1 2 3 4 5 6 7 |  7.9
Fighting       | 1 2 3 4 5 6 |  6.0
Evocations     | 1 3 4 5 6 7 8 |  8.4
Spellcasting   | 4 5 6 7 8 9 |  9.1
Staves         | 1 3 4 6 7 8 |  8.4
Translocations | 2 |  2.0
Stealth        | |  2.6
Summonings     | |  0.8

Action                   |  1- 3 |  4- 6 |  7- 9 | 10-12 | 13-15 || total
-------------------------+-------+-------+-------+-------+-------++-------
Melee: Unarmed           |    13 |       |       |     9 |       ||    22
       Mace              |    13 |    63 |    74 |       |       ||   150
       Short sword       |     2 |       |    60 |    51 |       ||   113
       Quarterstaff      |       |       |       |    14 |       ||    14
       Lajatang          |       |       |       |    50 |   238 ||   288
 Cast: Magic Dart        |    75 |   154 |   294 |   746 |    96 ||  1365
       Blink             |       |     5 |     5 |    26 |    11 ||    47
       Conjure Flame     |       |     2 |     9 |    35 |     6 ||    52
       Searing Ray       |       |       |     8 |    82 |    21 ||   111
       Mephitic Cloud    |       |       |       |    24 |    20 ||    44
       Fireball          |       |       |       |     6 |    37 ||    43
       Airstrike         |       |       |       |       |   426 ||   426
       Sticky Flame      |       |       |       |       |     7 ||     7
       Bolt of Fire      |       |       |       |       |     1 ||     1
Evoke: Wand              |       |       |       |    23 |    30 ||    53
       Box of beasts     |       |       |       |     5 |       ||     5
       Lightning rod     |       |       |       |       |     1 ||     1
  Use: Scroll            |       |     6 |     2 |    17 |    14 ||    39
       Potion            |       |       |       |     5 |     4 ||     9
 Stab: Paralysed         |       |       |       |    30 |     9 ||    39
       Confused          |       |       |       |     1 |     1 ||     2
       Sleeping          |       |       |       |       |     1 ||     1
  Eat: Chunk             |     5 |     8 |     3 |     9 |    18 ||    43
       Ration            |       |       |     4 |    12 |    11 ||    27
Armor: Robe              |     5 |       |       |       |       ||     5
       Leather armour    |    13 |    55 |   114 |   217 |       ||   399
       Ring mail         |       |       |       |    90 |   183 ||   273
Dodge: Dodged            |    33 |    95 |   122 |   386 |   219 ||   855

Table legend:
 A = Spawn XP
 B = Non-spawn XP
 C = Spawn XP percentage of total XP
 D = Spawn monster count
 E = Non-spawn monster count
 F = Spawn count percentage of total count
 G = Total turns spent on level
                    A         B        C        D         E        F      G
               +---------+---------+-------+---------+---------+-------+---------
         Total |       0 |   79488 |   0.0 |       0 |     564 |   0.0 | 42815
               +---------+---------+-------+---------+---------+-------+---------
           D:1 |       0 |      24 |   0.0 |       0 |      13 |   0.0 |  1679
           D:2 |       0 |      68 |   0.0 |       0 |      22 |   0.0 |  1147
           D:3 |       0 |     183 |   0.0 |       0 |      34 |   0.0 |  1401
           D:4 |       0 |     478 |   0.0 |       0 |      16 |   0.0 |  1206
           D:5 |       0 |     698 |   0.0 |       0 |      19 |   0.0 |  1348
           D:6 |       0 |    1886 |   0.0 |       0 |      18 |   0.0 |  2112
           D:7 |       0 |     712 |   0.0 |       0 |      13 |   0.0 |  1553
           D:8 |       0 |    9317 |   0.0 |       0 |      51 |   0.0 |  6042
           D:9 |       0 |    5481 |   0.0 |       0 |      42 |   0.0 |  1819
          D:10 |       0 |    5559 |   0.0 |       0 |      42 |   0.0 |  3776
          D:11 |       0 |    2967 |   0.0 |       0 |      22 |   0.0 |  1419
          D:12 |       0 |    3944 |   0.0 |       0 |      25 |   0.0 |  1387
        Lair:1 |       0 |    3059 |   0.0 |       0 |      21 |   0.0 |  1296
        Lair:2 |       0 |    2987 |   0.0 |       0 |      21 |   0.0 |  1626
        Lair:3 |       0 |    5607 |   0.0 |       0 |      20 |   0.0 |  2196
        Lair:4 |       0 |    6516 |   0.0 |       0 |      30 |   0.0 |  2332
        Lair:5 |       0 |    8165 |   0.0 |       0 |      32 |   0.0 |  3890
        Lair:6 |       0 |   18296 |   0.0 |       0 |      82 |   0.0 |  4297
         Orc:1 |       0 |    1919 |   0.0 |       0 |      14 |   0.0 |   571
         Orc:2 |       0 |     248 |   0.0 |       0 |       4 |   0.0 |    36
       Ossuary |       0 |     147 |   0.0 |       0 |       8 |   0.0 |   112
        Bailey |       0 |    1227 |   0.0 |       0 |      15 |   0.0 |  1557
               +---------+---------+-------+---------+---------+-------+---------
